 Dungeon Crawl Stone Soup version 0.31-a0-214-gb37851dbb3 (webtiles) character file.

Game seed: 9407794753699081259

27 qw the Shooter (level 2, -3/24 HPs)
             Began as a Minotaur Hexslinger on July 1, 2023.
             Slain by Jessica
             ... wielding a +0 club
              (6 damage)
             ... on level 1 of the Dungeon.
             The game lasted 00:00:16 (1118 turns).

qw the Shooter (Minotaur Hexslinger)                Turns: 1118, Time: 00:00:17

Health: -3/24      AC:  5    Str: 12    XL:     2   Next: 93%
Magic:  2/2        EV: 10    Int: 10    God:
Gold:   14         SH:  0    Dex: 12    Spells: 2/3 levels left

rFire   + . .        Y - +1 sling
rCold   . . .        (no shield)
rNeg    . . .        j - +0 ring mail {rF+}
rPois   .            (helmet restricted)
rElec   .            (no cloak)
rCorr   .            (no gloves)
SInv    .            (no boots)
Will    .....        (no amulet)
Stlth   +            (no ring)
HPRegen 0.24/turn    (no ring)
MPRegen 0.08/turn

%: no passive effects
@: no status effects
A: horns 2, retaliatory headbutt
a: no special abilities


You were on level 1 of the Dungeon.
You visited 1 branch of the dungeon, and saw 2 of its levels.

You collected 14 gold pieces.


Innate Abilities, Weirdness & Mutations

You have a pair of horns on your head.
You reflexively headbutt those who attack you in melee.


   Skills:
 - Level 2.0 Fighting
 + Level 3.5 Ranged Weapons
 - Level 2.1 Dodging
 - Level 1.0 Spellcasting
 - Level 2.0 Hexes


You had 2 spell levels left.
You knew the following spells:

 Your Spells              Type           Power      Damage    Failure   Level
a - Slow                  Hex            16%        N/A       34%         1

Your spell library contained the following spells:

 Spells                   Type           Power      Damage    Failure   Level
 Inner Flame              Hex/Fire       2%         N/A       83%         3
 Portal Projectile        Hex/Tloc       4%         N/A       83%         3
 Cause Fear               Hex            2%         N/A       98%         4

Inventory:

Hand Weapons
 Y - a +1 sling (weapon)
Armour
 j - a +0 ring mail of fire resistance (worn)
Scrolls
 a - a scroll of identify
Potions
 g - a potion of curing {unknown}
 h - a potion of invisibility {unknown}

Dungeon Overview and Level Annotations

Branches:
Dungeon (2/15)

Altars:

Annotations:
D:1 Jessica


Message History

You shoot a sling bullet. The sling bullet barely misses Jessica.
You shoot a sling bullet. The sling bullet hits Jessica.
Jessica is lightly wounded.
Jessica hits you with a +0 club.
You shoot a sling bullet. The sling bullet barely misses Jessica.
The adder closely misses you. You furiously retaliate!
You headbutt the adder! Jessica hits you but does no damage.
You shoot a sling bullet.
The sling bullet barely misses the adder.
The adder bites you but does no damage. Jessica hits you with a +0 club.
The adder completely misses you.
1113 ||| STAIRDANCE The adder bites you.
You are poisoned.
The adder poisons you! Jessica hits you but does no damage.
You climb upwards.
You feel sick.
There is a stone staircase leading down here.
You shoot a sling bullet.
The sling bullet barely misses the adder.
You feel sick. The adder closely misses you. Jessica hits you with a +0 club.
The adder misses you. Jessica hits you but does no damage.
You shoot a sling bullet.
The sling bullet completely misses the adder.
You feel sick.
You are no longer poisoned.
The adder bites you but does no damage. Jessica hits you but does no damage.
The adder bites you.
You shoot a sling bullet.
The sling bullet closely misses the adder.
The adder misses you. You furiously retaliate!
You headbutt the adder!
You kill the adder!
Jessica says, "I'm really upset."
Jessica barely misses you. You furiously retaliate!
You headbutt Jessica, but do no damage. You shoot a sling bullet.
The sling bullet hits Jessica.
Jessica is moderately wounded.
Jessica hits you with a +0 club.
Jessica shouts, "You're disturbing me!
I'll have to kill you!" Jessica hits you with a +0 club.
You die...

#:..####...####....#~~####.#
##..........##..#..#~~#....####
#..........##..##..~~..#####..
#..........##..###.~~..#......
#..........##..##..~~...#.#...
#..........##..##..~~.~~..#..#
#..........##.###~.~~~..###...
#..........##.# #...bbb.......
#######.##.##@###~b~b~..##....
#.##..@.)...~~~b..##....
#............~~bb~##....
##............~b~.##....
#.######....~~bbb##.#.. #.#
#.#..?~bb.##.### #.#
#....~~..###.#.. ## #.#
####~~~......... .## #.#
#.~~..###.##.


You could see Jessica.

Vanquished Creatures
  An adder (D:1)
  A dart slug (D:1)
  2 bats
  2 endoplasms (D:1)
  A giant cockroach (D:1)
  4 kobolds (D:1)
  A quokka (D:1)
  2 ball pythons (D:1)
14 creatures vanquished.

Notes
Turn   | Place    | Note
-------+----------+-------------------------------------------
     0 | D:1      | qw the Minotaur Hexslinger began the quest for the Orb.
     0 | D:1      | Reached XP level 1. HP: 16/16 MP: 1/1
     0 | D:1      | 0 ||| qw: Version: 0.3-a-32-g5962c71
     0 | D:1      | 0 ||| qw: Game counter: 7577
     0 | D:1      | 0 ||| qw: Melee chars always use a shield: true
     0 | D:1      | 0 ||| qw: God list: Okawaru
     0 | D:1      | 0 ||| qw: Allow faded altars: false
     0 | D:1      | 0 ||| qw: Do Orc after clearing Dungeon:15 true
     0 | D:1      | 0 ||| qw: Do second Lair branch before Depths: true
     0 | D:1      | 0 ||| qw: Lair rune preference: random
     0 | D:1      | 0 ||| qw: Goals: Normal
     0 | D:1      | 0 ||| PLANNING D:1-11
   183 | D:1      | 183 ||| FLEEEEING.
   358 | D:1      | Reached skill level 3 in Ranged Weapons
   363 | D:1      | Reached XP level 2. HP: 21/23 MP: 2/2
   945 | D:1      | 945 ||| UPGRADING to +0 ring mail of fire resistance.
   955 | D:1      | 955 ||| DROPPING +0 robe.
   956 | D:1      | 956 ||| READING 2 scrolls labelled ZUAFIU AMUPUQ.
   957 | D:1      | 957 ||| READING scroll labelled BEOHINTOUSKAA.
  1058 | D:1      | 1058 ||| READING scroll labelled TICSUGYIRE.
  1059 | D:1      | 1059 ||| READING scroll labelled SUPLIL VODAEH.
  1060 | D:1      | 1060 ||| DROPPING scroll of poison.
  1068 | D:2      | Noticed Jessica
  1074 | D:2      | 1074 ||| STAIRDANCE
  1113 | D:2      | 1113 ||| STAIRDANCE
  1116 | D:1      | HP: 6/24 [adder (1)]
  1118 | D:1      | Slain by Jessica

Levels and vault maps discovered:
D:1:      minmay_arrival_loop, layout_basic, serial_rivers,
          chequers_serial_rivers_micro_a, chequers_serial_rivers_room_b,
          chequers_serial_rivers_small_3, chequers_serial_rivers_large_b,
          chequers_serial_rivers_micro_a, chequers_serial_rivers_micro_c,
          wad_floor_pattern_2, nicolae_titane
D:2:      layout_basic, serial_shops, nicolae_shop_real_fake_doors,
          uniq_sigmund, uniq_natasha, uniq_jessica

Skill      XL: |  1  2 |
---------------+-------+-----
Ranged Weapons | 3 |  3.5
Fighting       | 2 |  2.0
Dodging        | |  2.1
Spellcasting   | |  1.0
Hexes          | |  2.0

Action                     || total
---------------------------++-------
   Fire: Sling             ||    54
    Use: Scroll            ||     4
 Armour: Robe              ||     1
         Ring mail         ||     9
  Dodge: Dodged            ||    19

Table legend:
 A = Non-vault XP
 B = Vault XP
 C = Vault XP percentage of total XP
 D = Non-vault monster count
 E = Vault monster count
 F = Vault count percentage of total count
                 A         B        C        D         E       F
            +---------+---------+-------+---------+---------+-------
      Total |      39 |       0 |   0.0 |      14 |       0 |   0.0
            +---------+---------+-------+---------+---------+-------
        D:1 |      37 |       0 |   0.0 |      13 |       0 |   0.0
        D:2 |       2 |       0 |   0.0 |       1 |       0 |   0.0
            +---------+---------+-------+---------+---------+-------
